 Dungeon Crawl Stone Soup version 0.29.1-15-g9cfb28693d (webtiles) character file.

Game seed: 8805117231606606722

49 adizb the Trooper (level 3, -8/33 HPs)
             Began as a Draconian Fighter on Apr 21, 2023.
             Mangled by Crazy Yiuf
             ... wielding a +3 quarterstaff of chaos
              (10 damage)
             ... on level 2 of the Dungeon.
             The game lasted 00:03:30 (822 turns).

adizb the Trooper (Draconian Fighter)                Turns: 822, Time: 00:03:31

Health: -8/33      AC:  5    Str: 20    XL:     3   Next: 51%
Magic:  3/3        EV: 12    Int:  8    God:
Gold:   95         SH:  4    Dex: 10    Spells: 2/2 levels left

rFire   . . .      SeeInvis .   a - +0 war axe
rCold   . . .      Faith    .   b - +0 buckler
rNeg    . . .      Spirit   .   (body armour unavailable)
rPois   .          Reflect  .   (helmet restricted)
rElec   .          Harm     .   (no cloak)
rCorr   .          Rampage  .   (no gloves)
Will    .....                   (no boots)
Stlth   +.........              (no amulet)
HPRegen 0.11/turn               (no ring)
MPRegen 0.08/turn               (no ring)

@: no status effects
A: AC +5, unfitting armour, cold-blooded
a: no special abilities


You were on level 2 of the Dungeon.
You visited 1 branch of the dungeon, and saw 2 of its levels.

You collected 95 gold pieces.

Inventory:

Hand Weapons
 a - a +0 war axe (weapon)
Missiles
 e - 6 boomerangs (quivered)
Armour
 b - a +0 buckler (worn)
Scrolls
 d - 4 scrolls of torment {unknown}
 f - a scroll of poison {unknown}
 j - 3 scrolls of immolation {unknown}
 k - a scroll of identify {unknown}
 l - 2 scrolls of teleportation {unknown}
 n - a scroll of blinking {unknown}
Potions
 g - a potion of mutation {unknown}
 h - 2 potions of heal wounds {unknown}
 i - a potion of flight {unknown}
 m - a potion of cancellation {unknown}


   Skills:
 + Level 3.7 Fighting
 * Level 3.1 Axes
 - Level 2.6 Dodging
 + Level 3.4 Shields


You had 2 spell levels left.
You didn't know any spells.
Your spell library contained the following spells:

 Spells                   Type           Power      Damage    Failure   Level
 Shock                    Conj/Air       0%         1d3       50%         1
 Swiftness                Air            0%         N/A       86%         3
 Airstrike                Air            0%         2d(0-16)  99%         4


Dungeon Overview and Level Annotations

Branches:
Dungeon (2/15)

Altars:

Annotations:
D:2 Crazy Yiuf


Innate Abilities, Weirdness & Mutations

Your plain brown scales are hard. (AC +5)
You cannot fit into any form of body armour.
You are cold-blooded and may be slowed by cold attacks.


Message History

The dart slug bites you but does no damage.
You hit the dart slug.
The dart slug is severely wounded.
The dart slug closely misses you.
You hit the dart slug.
You kill the dart slug!
As you open the door, it creaks loudly!
You hear an angry hiss.
There is an open door here.
A frilled lizard comes into view.
You barely miss the frilled lizard. The frilled lizard closely misses you.
You block the frilled lizard's attack.
You closely miss the frilled lizard.
Your tail-slap misses the frilled lizard.
You block the frilled lizard's attack.
You closely miss the frilled lizard. The frilled lizard bites you.
The frilled lizard closely misses you.
You hit the frilled lizard.
You kill the frilled lizard!
Found a hammer.
Found a runed translucent door.
Crazy Yiuf shouts!
You open the door. You slash Crazy Yiuf!
Crazy Yiuf is heavily wounded.
Crazy Yiuf hits you with a +3 quarterstaff of chaos!
Crazy Yiuf freezes you.
You barely miss Crazy Yiuf.
Crazy Yiuf is heavily wounded.
Crazy Yiuf zaps a wand.
The bolt of dispelling energy hits you.
Crazy Yiuf drinks a potion.
Crazy Yiuf is healed!
Okay, then.
You feel very mighty all of a sudden.
Crazy Yiuf says, "Crazy?
Crazy!?
PORCUPINE!"
Crazy Yiuf zaps a wand.
The bolt of dispelling energy hits you!
Your magical effects are unravelling.
* * * LOW HITPOINT WARNING * * *
You hit Crazy Yiuf.
Crazy Yiuf is moderately wounded.
You feel a little less mighty now.
Crazy Yiuf hits you with a +3 quarterstaff of chaos!
You die...

.......##...##
...........##
...........#
...........# #####
...........# #)..#
.....#####.# #...#
...........# ...
.......)...# #g#
#####..†...# #@##
#####......# ##.#
...........# #.##
...........# ##.#
...........# ##.##
..........## ##...#
##........# #....#
..........# #....#
..........######..#####


You could see Crazy Yiuf.

Vanquished Creatures
  An adder (D:2)
  A worm (D:2)
  A dart slug (D:2)
  8 ball pythons
  5 endoplasms
  3 giant cockroaches
  2 goblins
  2 hobgoblins (D:1)
  5 kobolds
  A quokka (D:2)
  2 frilled lizards
  A rat (D:1)
32 creatures vanquished.

Notes
Turn   | Place    | Note
-------+----------+-------------------------------------------
     0 | D:1      | adizb the Draconian Fighter began the quest for the Orb.
     0 | D:1      | Reached XP level 1. HP: 19/19 MP: 1/1
    26 | D:1      | You fall into a shaft and drop 1 floor!
    88 | D:1      | Reached XP level 2. HP: 22/26 MP: 2/2
   625 | D:2      | Reached XP level 3. HP: 32/33 MP: 3/3
   814 | D:2      | Found a runed translucent door.
   815 | D:2      | Noticed Crazy Yiuf
   822 | D:2      | Mangled by Crazy Yiuf

Illustrated notes

Levels and vault maps discovered:
D:1:      saegor_arrival_simple_d, layout_basic
D:2:      layout_basic, palyth_stone_intersect, minmay_tetromino_i4,
          uniq_crazy_yiuf_cottage

Skill      XL: |  1  2  3 |
---------------+----------+-----
Axes           | 3 |  3.1
Fighting       | |  3.7
Dodging        | |  2.6
Shields        | |  3.4

Action                   || total
-------------------------++-------
Melee: War axe           ||    75
       Tailslap          ||     5
  Use: Potion            ||     1
 Stab: Sleeping          ||     1
Armor: Skin              ||    21
Dodge: Dodged            ||    46
Block: Buckler           ||    14
